 Dungeon Crawl Stone Soup version 0.30.1 (webtiles) character file.

Game seed: 5441600245589610171

2563 Sanktem7 the Cleaver (level 9, -12/80 HPs)
             Began as a Minotaur Fighter on July 7, 2023.
             Was a Believer of Okawaru.
             Killed from afar by an oklob plant (15 damage)
             ... with a splash of acid
             ... on level 6 of the Dungeon.
             The game lasted 00:07:04 (6297 turns).

Sanktem7 the Cleaver (Minotaur Fighter)             Turns: 6297, Time: 00:07:05

Health: -12/80     AC:  8    Str: 30    XL:     9   Next: 31%
Magic:  8/8        EV:  8    Int:  5    God:    Okawaru [**....]
Gold:   431        SH: 10    Dex: 11    Spells: 8/8 levels left

rFire   . . .        a - +0 war axe {axe}
rCold   . . .        m - +0 kite shield
rNeg    . . .        w - +0 chain mail
rPois   .            (helmet restricted)
rElec   .            (no cloak)
rCorr   .            (no gloves)
SInv    .            v - +0 pair of boots
Will    .....        (no amulet) Stlth
                     D - +4 ring of protection
HPRegen 0.33/turn    u - +6 ring of strength
MPRegen 0.11/turn

%: no passive effects
@: corroded
A: horns 2, retaliatory headbutt
a: Renounce Religion, Heroism


You were on level 6 of the Dungeon.
You worshipped Okawaru.
Okawaru was pleased with you.
You visited 2 branches of the dungeon, and saw 7 of its levels.

You collected 431 gold pieces.


Innate Abilities, Weirdness & Mutations

You have a pair of horns on your head.
You reflexively headbutt those who attack you in melee.


   Skills:
 + Level 7.7 Fighting
 * Level 9.9 Axes
 + Level 7.7 Armour
 + Level 7.7 Shields


You had 8 spell levels left.
You didn't know any spells.
Your spell library contained the following spells:

 Spells                   Type           Power      Damage    Failure   Level
 Slow                     Hex            0%         N/A       97%         1
 Summon Ice Beast         Ice/Summ       Unusable   N/A       N/A         4
 Summon Cactus Giant      Summ           Unusable   N/A       N/A         6

Inventory:

Hand Weapons
 a - a +0 war axe (weapon) {axe}
 c - a +0 vampiric long sword {long}
   (You found it on level 2 of the Dungeon)
 r - a +0 scythe of pain {polearm}
   (You took it off Sigmund on level 4 of the Dungeon)
 E - a +0 dagger of flaming {short}
   (You took it off an orc wizard on level 5 of the Dungeon)
 F - a +0 whip of electrocution {mace}
   (You took it off a kobold on level 5 of the Dungeon)
 J - a +2 heavy hand axe {axe}
   (You took it off an orc on level 6 of the Dungeon)
Missiles
 e - 112 stones (quivered) {throwing}
 s - 28 poisoned darts {throwing}
 A - 3 boomerangs {throwing}
Armour
 m - a +0 kite shield (worn)
   (You found it on level 2 of the Dungeon)
 v - a +0 pair of boots (worn)
   (You found it on level 4 of the Dungeon)
 w - a +0 chain mail (worn)
   (You found it on level 4 of the Dungeon)
 z - the +0 leather armour "Xomaiz" {rN+}
   (You found it on level 3 of the Dungeon)

   rN:        It protects you from negative energy.
Jewellery
 g - a ring of see invisible
   (You found it on level 1 of the Dungeon)
 u - a +6 ring of strength (right hand)
   (You found it on level 4 of the Dungeon)
 D - a +4 ring of protection (left hand)
   (You found it on level 2 of the Dungeon)
 H - a ring of protection from fire
   (You found it on level 5 of the Dungeon)
Scrolls
 b - a scroll of amnesia {unknown}
 f - 4 scrolls of teleportation {unknown}
 j - 2 scrolls of fog {unknown}
 k - 6 scrolls of identify {unknown}
 o - 3 scrolls of enchant armour {unknown}
 q - 3 scrolls of magic mapping {unknown}
 t - 2 scrolls of poison {unknown}
 y - a scroll of noise {unknown}
 B - a scroll of fear {unknown}
 G - a scroll of enchant weapon {unknown}
Potions
 d - 2 potions of might
 h - a potion of lignification {unknown}
 i - 2 potions of mutation {unknown}
 l - a potion of experience {unknown}
 n - 2 potions of flight {unknown}
 p - a potion of degeneration {unknown}
 x - a potion of attraction {unknown}
 C - a potion of berserk rage {unknown}
 I - a potion of curing {unknown}

Dungeon Overview and Level Annotations

Branches:
Dungeon (6/15) Zot: 26207  Temple (1/1) D:4 Zot: 5765

Altars:
Ashenzari
Cheibriados
Elyvilon
Fedhas
Gozag
Hepliaklqana
Kikubaaqudgha
Nemelex Xobeh
Okawaru
Qazlal
Trog
Uskayaw
Wu Jian
Yredelemnul
The Shining One

Annotations:
D:6 exclusion: oklob plant

#P#.~≈≈≈._.~≈≈≈.P.PP#..
..P.~≈≈≈...≈≈≈~..PP##..
P...~~≈~~.≈≈≈≈~..PP##..
#P#....≈~≈~.~≈~~..###P#..
PP.P#..~≈~.~≈~...P#..#.#
#PP.PP...~≈.~~..#.).#.#..
#PP.PPP#.......P...P.##..
#P..PPP.P.P#P.PP.#...P#..
#P.....@..PPP#P...#P.#..
#PPP..#P#.PP#P#P..#.#P#.#
#PP.P#P#P.#P#PP.P#P.P###
###### ###############..
#.. #.. ### # #


You could see an oklob plant.


Message History

Your hp is fully restored (80).
A centaur comes into view.
A centaur is nearby!
No reachable target in view!
No reachable target in view!
Unknown command.
The centaur shouts!
The centaur wields a +0 shortbow.
The centaur shoots an arrow.
The arrow hits you! 😕 HP[-10]
You take 10 damage, and now have 70/80 hp.
The centaur shoots an arrow.
The arrow barely misses you. 😕 HP[+1]
The centaur shoots an arrow.
The arrow hits you but does no damage.
The centaur shoots an arrow.
You block the arrow.
The centaur unwields a +0 shortbow.
The centaur barely misses you. You block the centaur's attack.
You hit the centaur but do no damage. You slash the plant!
The plant begins to die.
You hit the bush but do no damage.
The centaur hits you but does no damage.
The centaur kicks you but does no damage.
The centaur hits you but does no damage.
You block the centaur's attack. 😕 HP[+1]
You slash the centaur! Your headbutt misses the centaur. You slash the plant!
You hit the bush but do no damage.
The centaur hits you but does no damage.
The centaur kicks you but does no damage.
You slice the centaur!!
You kill the centaur!
Okawaru accepts your kill.
You hit the plant. You hit the bush.
Things that are here:
a +0 shortbow {bow}; a centaur corpse; 😕 HP[+1]
You hit the bush. You slash the plant! You hit the bush but do no damage.
A nearby plant withers and dies.
Key pressed, stopping explore.
An oklob plant comes into view.
Marking area around an oklob plant as unsafe for travelling. 😎 HP[+7]
Your hp is fully restored (80).
You hit the plant.
The plant begins to die.
You hit the plant but do no damage. You hit the bush but do no damage. x2
You slice the plant!! You headbutt the plant.
You hit the bush but do no damage. You slash the plant!
The plant begins to die.
You slash the bush! You slash the plant! You headbutt the plant!
You slash the plant! You hit the bush but do no damage. x2
You hit the plant.
You headbutt the plant, but do no damage.
You hit the bush. You slash the plant! You hit the bush.
A nearby plant withers and dies.
A nearby plant withers and dies.
You slash the bush! You headbutt the bush. You hit the bush but do no damage.
You slash the plant!
The plant begins to die.
You hit the plant.
The plant begins to die.
You hit the plant.
The plant begins to die.
You hit the bush. You headbutt the bush! You hit the bush but do no damage.
You slash the plant! You hit the plant. You slash the plant!
You slash the bush!
You headbutt the bush, but do no damage.
You hit the plant but do no damage. You hit the bush. You hit the plant. x2
You hit the bush but do no damage. x2; You slash the plant! x3
You hit the bush but do no damage. x2; You slash the plant!
You hit the plant. You slash the plant!
A nearby plant withers and dies. x3
You hit the bush but do no damage. You hit the bush.
You completely miss the bush.
You headbutt the bush, but do no damage.
You slash the bush! The oklob plant spits acid at you.
The splash of acid hits you!! The acid corrodes you! 😮 HP[-25]
You take 25 damage, and now have 55/80 hp.
MASSIVE DAMAGE!! (PAUSE)
You hit the oklob plant.
You headbutt the oklob plant, but do no damage.
You hit the bush but do no damage. x2; You hit the plant.
The plant begins to die.
The oklob plant spits acid at you. The splash of acid hits you.
The acid corrodes you! 😮 HP[-2]
You take 2 damage, and now have 53/80 hp.
You hit the oklob plant. You hit the bush but do no damage. You hit the plant.
You hit the bush.
A nearby plant withers and dies.
The oklob plant spits acid at you. The splash of acid hits you!!
* * * LOW HITPOINT WARNING * * *
😨 HP[-22]
You take 22 damage, and now have 31/80 hp.
MASSIVE DAMAGE!! (PAUSE)
You slash the oklob plant! You hit the bush but do no damage. x2
The oklob plant spits acid at you. The splash of acid hits you!!
* * * LOW HITPOINT WARNING * * *
😱 HP[-30]
You take 30 damage, and now have 1/80 hp.
MASSIVE DAMAGE!! (PAUSE) 😱 HP[+1]
The oklob plant spits acid at you. The splash of acid hits you!
You die...

Skill      XL: |  1  2  3  4  5  6  7  8 |
---------------+-------------------------+-----
Axes           | 3 4 5 6 7 9 |  9.9
Armour         | 4 5 6 7 |  7.7
Fighting       | 4 5 6 7 |  7.7
Shields        | 4 5 6 7 |  7.7

Action                     |  1- 3 |  4- 6 |  7- 9 || total
---------------------------+-------+-------+-------++-------
  Melee: War axe           |    62 |    49 |   248 ||   359
         Headbutt          |     6 |    10 |    47 ||    63
 Armour: Scale mail        |    27 |     6 |       ||    33
         Chain mail        |       |    11 |   180 ||   191
  Dodge: Dodged            |    21 |    13 |    90 ||   124
  Block: Buckler           |    11 |       |       ||    11
         Kite shield       |     9 |    19 |   157 ||   185

Levels and vault maps discovered:
D:1:      doesnt_arrival_eight_statues, layout_basic
D:2:      layout_basic, serial_rivers, chequers_serial_rivers_marsh,
          chequers_serial_rivers_room_a, chequers_serial_rivers_room_b,
          chequers_serial_rivers_small_3, chequers_serial_rivers_room_a,
          basic_altar, bh_walls_and_bars, uniq_jessica
D:3:      layout_loops_cross, uniq_terence
D:4:      layout_loops_corners, nicolae_wu_jian_wuxing_cycle,
          minmay_temple_entry_gardened_gates, glass_columns_a, minmay_vboxes,
          uniq_sigmund
D:5:      minmay_goblin_kobold_castle, layout_basic,
          mainiacjoe_overflow_alcove_2
D:6:      old_forge, layout_cave_pools, tgw_fedhas, uniq_duvessa
Temple:   nicolae_temple_slightly_damp_pantheon

Notes
Turn   | Place    | Note
-------+----------+-------------------------------------------
     0 | D:1      | Sanktem7 the Minotaur Fighter began the quest for the Orb.
     0 | D:1      | Reached XP level 1. HP: 19/19 MP: 0/0
     0 | D:1      | magus.rc [v1.9.6]
   354 | D:1      | Reached XP level 2. HP: 27/27 MP: 1/1
   456 | D:1      | Reached skill level 3 in Axes
   936 | D:2      | Noticed Jessica
   941 | D:2      | Reached skill level 4 in Armour
   942 | D:2      | Killed Jessica
   943 | D:2      | Reached skill level 4 in Fighting
   943 | D:2      | Reached skill level 4 in Shields
   943 | D:2      | Reached XP level 3. HP: 30/33 MP: 2/2
  1003 | D:2      | Found a glowing golden altar of the Shining One.
  1461 | D:2      | You fall into a shaft and drop 2 floors!
  1502 | D:4      | Noticed Sigmund
  1516 | D:4      | HP: 6/33 [Sigmund/+0 scythe of pain (7)]
  1518 | D:4      | HP: 1/33 [Sigmund/magic dart (6)]
  1520 | D:4      | Killed Sigmund
  1521 | D:4      | Reached skill level 4 in Axes
  1521 | D:4      | Reached XP level 4. HP: 2/41 MP: 3/3
  1521 | D:4      | Reached XP level 5. HP: 3/47 MP: 4/4
  1668 | D:4      | Reached skill level 5 in Axes
  1736 | D:4      | Reached XP level 6. HP: 53/55 MP: 5/5
  1901 | D:4      | Reached skill level 5 in Fighting
  1901 | D:4      | Reached skill level 5 in Armour
  2007 | D:4      | Reached skill level 5 in Shields
  2047 | D:4      | Found a staircase to the Ecumenical Temple.
  2057 | Temple   | Entered the Ecumenical Temple
  2270 | Temple   | Became a worshipper of Warmaster Okawaru
  2328 | D:4      | Found an ornate altar of the Wu Jian Council.
  2601 | D:4      | HP: 11/56 [orc priest/divine providence (12)]
  2808 | D:4      | Reached skill level 6 in Axes
  2808 | D:4      | Reached XP level 7. HP: 48/61 MP: 6/6
  3078 | D:5      | Entered Level 5 of the Dungeon
  3139 | D:3      | Noticed Terence
  3148 | D:3      | Killed Terence
  3176 | D:3      | Identified the +0 leather armour "Xomaiz" {rN+}
  4375 | D:5      | HP: 14/62 [orc/+0 flail (4)]
  4379 | D:5      | HP: 6/62 [orc priest/nerve-wracking pain (2)]
  4381 | D:5      | Reached skill level 7 in Axes
  4730 | D:5      | Reached skill level 6 in Shields
  4741 | D:5      | Reached skill level 6 in Armour
  4745 | D:5      | Reached skill level 6 in Fighting
  4810 | D:5      | Reached XP level 8. HP: 70/70 MP: 7/7
  4835 | D:5      | Reached * piety under Okawaru
  4917 | D:5      | Got Gudido Zuott's Parchment of Helpful Bad Luck
  4997 | D:5      | Reached skill level 8 in Axes
  5223 | D:5      | Found a hazy altar of Hepliaklqana.
  5553 | D:6      | Noticed Dowan
  5554 | D:6      | Noticed Duvessa
  5562 | D:6      | Killed Duvessa
  5563 | D:6      | Killed Dowan
  5564 | D:6      | Reached skill level 7 in Fighting
  5564 | D:6      | Reached skill level 7 in Armour
  5564 | D:6      | Reached skill level 7 in Shields
  5603 | D:6      | Reached ** piety under Okawaru
  5722 | D:6      | Reached skill level 9 in Axes
  5814 | D:6      | Reached XP level 9. HP: 58/79 MP: 8/8
  6215 | D:6      | Found a blossoming altar of Fedhas.
  6273 | D:6      | Noticed an oklob plant
  6293 | D:6      | HP: 1/80 [oklob plant/splash of acid (30)]
  6297 | D:6      | Killed from afar by an oklob plant

Vanquished Creatures
  Sigmund (D:4)
  Duvessa (D:6)
  2 orc warriors (D:6)
  3 black bears
  3 centaurs
  A bullfrog (D:6)
  2 kobold brigands (D:5)
  2 scorpions
  Dowan (D:6)
  3 killer bees (D:6)
  3 howler monkeys
  2 jellies (D:4)
  2 hounds (D:4)
  8 orc priests
  Jessica (D:2)
  Terence (D:3)
  2 iguanas
  6 orc wizards
  10 gnolls (D:5)
  5 adders
  A shadow imp (D:6)
  3 ufetubi
  2 dart slugs
  21 orcs
  10 ball pythons
  2 bats
  6 endoplasms
  3 giant cockroaches
  8 goblins
  8 hobgoblins
  2 jackals (D:1)
  3 quokkas
  3 frilled lizards
  44 kobolds
  6 rats
181 creatures vanquished.

Vanquished Creatures (others)
  A sky beast (D:6)
1 creature vanquished.

Grand Total: 182 creatures vanquished

Table legend:
 A = Non-vault XP
 B = Vault XP
 C = Vault XP percentage of total XP
 D = Non-vault monster count
 E = Vault monster count
 F = Vault count percentage of total count
                 A         B        C        D         E       F
            +---------+---------+-------+---------+---------+-------
      Total |    2713 |     949 |  25.9 |     119 |      63 |  34.6
            +---------+---------+-------+---------+---------+-------
        D:1 |      31 |       0 |   0.0 |      18 |       0 |   0.0
        D:2 |      17 |      37 |  68.5 |      10 |       1 |   9.1
        D:3 |      62 |      36 |  36.7 |      18 |       1 |   5.3
        D:4 |     404 |     275 |  40.5 |      22 |       6 |  21.4
        D:5 |     741 |     387 |  34.3 |      18 |      53 |  74.6
        D:6 |    1458 |     214 |  12.8 |      33 |       2 |   5.7
            +---------+---------+-------+---------+---------+-------

Skill      XL: |  1  2  3  4  5  6  7  8 |
---------------+-------------------------+-----
Axes           | 3 4 5 6 7 9 |  9.9
Armour         | 4 5 6 7 |  7.7
Fighting       | 4 5 6 7 |  7.7
Shields        | 4 5 6 7 |  7.7

Action                     |  1- 3 |  4- 6 |  7- 9 || total
---------------------------+-------+-------+-------++-------
  Melee: War axe           |    62 |    49 |   248 ||   359
         Headbutt          |     6 |    10 |    47 ||    63
 Armour: Scale mail        |    27 |     6 |       ||    33
         Chain mail        |       |    11 |   180 ||   191
  Dodge: Dodged            |    21 |    13 |    90 ||   124
  Block: Buckler           |    11 |       |       ||    11
         Kite shield       |     9 |    19 |   157 ||   185

Illustrated notes

Table legend:
 A = Kills in this place as a percentage of kills in the entire game.
 B = Kills by you in this place as a percentage of kills by you in the entire game.
 C = Kills by friends in this place as a percentage of kills by friends in the entire game.
 D = Other kills in this place as a percentage of other kills in the entire game.
 E = Experience gained in this place as a percentage of experience gained in the entire game.
 F = Experience gained in this place divided by the number of levels of this place that you have seen.
                   A       B       C       D       E      F
               +-------+-------+-------+-------+-------+----------------------
         Total | 100.0 | 100.0 |   N/A | 100.0 | 100.0 | 523.1
       Dungeon | 100.0 | 100.0 |   N/A | 100.0 | 100.0 | 610.3
               +-------+-------+-------+-------+-------+----------------------

Table legend: (Time is in decaauts)
 A = Elapsed time spent in this place.
 B = Non-inter-level travel time spent in this place.
 C = Inter-level travel time spent in this place.
 D = Time resting spent in this place.
 E = Time spent auto-exploring this place.
 F = Levels seen in this place.
 G = Mean time per level.
                   A        B        C        D        E       F      G
               +--------+--------+--------+--------+--------+-----+--------+
         Total |   6409 |   6209 |    200 |    163 |   5111 |   7 |  915.6 |
       Dungeon |   6174 |   5993 |    181 |    163 |   4918 |   6 | 1029.0 |
        Temple |    234 |    215 |     19 |      0 |    193 |   1 |  234.0 |
               +--------+--------+--------+--------+--------+-----+--------+

Top non-repeatable levels by time:
     D:4: 1450 daAuts
     D:5: 1443 daAuts
     D:2: 985 daAuts
     D:1: 842 daAuts
     D:6: 791 daAuts
     D:3: 660 daAuts
  Temple: 234 daAuts
